 Dungeon Crawl Stone Soup version 0.30-a0-605-gb2882149bf (webtiles) character file.

Game seed: 431922524153775325

70 wormed the Insei (level 4, 0/28 HPs)
             Began as an Octopode Transmuter on Jan 7, 2023.
             Succumbed to an adder's poison
             ... on level 2 of the Dungeon.
             The game lasted 00:01:44 (1318 turns).

wormed the Insei (Octopode Transmuter)              Turns: 1318, Time: 00:01:44

Health: 0/28       AC:  1    Str:  9    XL:     4   Next: 21%
Magic:  5/7        EV: 13    Int: 17    God:
Gold:   64         SH:  0    Dex: 12    Spells: 4/7 levels left

rFire   . . .      SeeInvis .      - Unarmed
rCold   . . .      Faith    .    (no shield)
rNeg    . . .      Spirit   .    (helmet currently unavailable)
rPois   .          Reflect  .    (no amulet)
rElec   .          Harm     .    (no ring)
rCorr   .          Rampage  .    (no ring)
Will    .....                    (no ring)
Stlth   ++                       (no ring)
HPRegen 0.24/turn                (no ring)
MPRegen 0.10/turn                (no ring)
                                 (no ring)
                                 (no ring)

@: lethally poisoned (0 -> -13), appendages, wereblooded (expiring)
A: tentacle spike 3, almost no armour, amphibious, 8 rings, camouflage 1,
gelatinous body 1, (nimble swimmer 1), tentacles
a: End Transformation


You were on level 2 of the Dungeon.
One of your tentacles had grown a beastly spike.
You visited 1 branch of the dungeon, and saw 2 of its levels.

You collected 64 gold pieces.

Inventory:

Scrolls
 c - 7 scrolls of identify {unknown}
 e - a scroll of fog {unknown}
 f - a scroll of fear {unknown}
Potions
 a - a potion of lignification
 b - 2 potions of ambrosia {unknown}
 d - a potion of curing {unknown}


   Skills:
 + Level 1.5 Fighting
 + Level 2.4 Dodging
 + Level 3.2 Unarmed Combat
 + Level 2.3 Spellcasting
 * Level 2.9 Transmutations
 + Level 1.2 Ice Magic


You had 4 spell levels left.
You knew the following spells:

 Your Spells              Type           Power      Damage    Failure   Level
a - Beastly Appendage     Tmut           24%        N/A       5%          1
b - Wereblood             Tmut           12%        N/A       9%          2

Your spell library contained the following spells:

 Spells                   Type           Power      Damage    Failure   Level
 Spider Form              Tmut/Pois      7%         N/A       30%         3
 Ice Form                 Ice/Tmut       9%         N/A       61%         4


Dungeon Overview and Level Annotations

Branches:
Dungeon (2/15)

Altars:
The Shining One


Innate Abilities, Weirdness & Mutations

One of your tentacles has grown a beastly spike.
You cannot wear most types of armour.
You are amphibious.
You can wear up to eight rings at the same time.
Your skin changes colour to match your surroundings (Stealth+).
Your rubbery body absorbs attacks. (AC +1, EV +1)
((You are camouflaged when in or above water. (Stealth+)))
You have tentacles for arms and can constrict up to eight enemies at once.


Message History

You see here a rat corpse.
You barely miss the adder. Your grab misses the adder.
The adder barely misses you. The adder bites you.
You are poisoned.
The adder poisons you!
You tentacle-slap the adder but do no damage.
Your grab misses the adder.
You feel sick. The adder bites you.
You are more poisoned.
The adder poisons you!
You tentacle-slap the adder. Your grab misses the adder.
The adder is heavily wounded.
You feel sick. The adder barely misses you.
You closely miss the adder. Your grab misses the adder.
The adder is heavily wounded.
You feel sick. The adder barely misses you.
Casting: Wereblood (safe; 9% risk of failure)
Confirm with . or Enter, or press ? or * to list all spells.
One of your tentacles grows a vicious spike.
Your primal bloodlust is almost over.
You feel sick. The adder barely misses you. The adder bites you.
You are more poisoned.
The adder poisons you!
You closely miss the adder. You grab the adder.
Your tentacle spike misses the adder.
The adder is moderately wounded.
You constrict the adder.
You feel sick. The adder bites you.
You are more poisoned.
The adder poisons you!
You tentacle-slap the adder but do no damage.
The adder is heavily wounded.
You constrict the adder.
* * * LOW HITPOINT WARNING * * *
You feel very sick. The adder bites you.
* * * LOW HITPOINT WARNING * * *
You are more poisoned.
The adder poisons you!
You tentacle-slap the adder.
You feel a bit better.
You kill the adder!
You die...

.# ..# .# ..
## .# #< .###
.# #.## #....
.# #..####..#
.# #.##...#
.# #.....# .#
#.###.# ##
##.###@### .#
#†.#^....# .#
#.###.#..# #
.# ######.#
#.##.##.#
.#####....†.#
#....[†.#
....##......#
###..#†.#
###..#......#
#..#..#
##.#......#
##<...#
#.#...(..#
#.#..#


There were no monsters in sight!

Vanquished Creatures
  4 adders (D:2)
  A dart slug (D:2)
  A giant cockroach (D:2)
  2 goblins (D:1)
  4 hobgoblins
  2 jackals (D:1)
  5 kobolds
  A quokka (D:1)
  5 ball pythons
  8 bats
  5 frilled lizards
  3 rats
41 creatures vanquished.

Notes
Turn   | Place    | Note
-------+----------+-------------------------------------------
     0 | D:1      | wormed the Octopode Transmuter began the quest for the Orb.
     0 | D:1      | Reached XP level 1. HP: 13/13 MP: 3/3
    95 | D:1      | You fall into a shaft and drop 1 floor!
   130 | D:2      | Reached XP level 2. HP: 15/18 MP: 3/5
   601 | D:1      | Reached XP level 3. HP: 23/23 MP: 4/6
   604 | D:1      | Learned a level 2 spell: Wereblood
  1109 | D:2      | Found a glowing golden altar of the Shining One.
  1131 | D:2      | Reached skill level 1 in Ice Magic
  1256 | D:2      | Reached XP level 4. HP: 25/28 MP: 4/7
  1318 | D:2      | Succumbed to an adder's poison

Illustrated notes

Levels and vault maps discovered:
D:1:      dpeg_arrival_central, layout_basic
D:2:      layout_rooms, basic_altar

Skill      XL: |  1  2  3 |
---------------+----------+-----
Ice Magic      | 1 |  1.2
Fighting       | |  1.5
Dodging        | |  2.4
Unarmed Combat | |  3.2
Spellcasting   | |  2.3
Transmutations | |  2.9

Action                   |  1- 3 |  4- 6 || total
-------------------------+-------+-------++-------
Melee: Unarmed           |    71 |    12 ||    83
       Constrict         |    20 |     3 ||    23
       Tentacles         |    16 |       ||    16
       Kick              |    12 |     2 ||    14
       Punch             |     2 |       ||     2
 Cast: Beastly Appendage |    20 |     2 ||    22
       Wereblood         |     7 |     1 ||     8
 Stab: Sleeping          |     9 |       ||     9
Armor: Skin              |    15 |       ||    15
Dodge: Dodged            |    42 |    11 ||    53

Table legend: (Time is in decaauts)
 A = Elapsed time spent in this place.
 B = Non-inter-level travel time spent in this place.
 C = Inter-level travel time spent in this place.
 D = Time resting spent in this place.
 E = Time spent auto-exploring this place.
 F = Levels seen in this place.
 G = Mean time per level.
                   A        B        C        D        E       F      G
               +--------+--------+--------+--------+--------+-----+--------+
         Total |   1313 |   1304 |      9 |      0 |   1044 |   2 |  656.5 |
       Dungeon |   1313 |   1304 |      9 |      0 |   1044 |   2 |  656.5 |
               +--------+--------+--------+--------+--------+-----+--------+

Top non-repeatable levels by time:
     D:1: 1026 daAuts
     D:2: 287 daAuts
